 Dungeon Crawl Stone Soup version 0.30-a0-940-ge5077277c9 (webtiles) character file.

Game seed: 11466394497108002903

29087 FlurksSlurper the Martial Artist (level 13, 0/98 HPs)
             Began as a Demonspawn Gladiator on Mar 26, 2023.
             Was a High Priest of Okawaru.
             Slain by a death yak (16 damage)
             ... on level 2 of the Lair of Beasts.
             The game lasted 00:32:30 (11935 turns).

FlurksSlurper the Martial Artist (DsGl)            Turns: 11935, Time: 00:32:31

Health: 0/98       AC: 16    Str: 16    XL:     13   Next: 13%
Magic:  26/28      EV: 23    Int: 11    God:    Okawaru [*****.]
Gold:   1167       SH:  0    Dex: 17    Spells: 12/12 levels left

rFire   . . .      SeeInvis .      - Unarmed
rCold   . . .      Faith    .    (no shield)
rNeg    . . .      Spirit   .    g - +0 ring mail
rPois   .          Reflect  .    b - +0 helmet
rElec   .          Rampage  .    L - +0 cloak
rCorr   .                        h - +1 pair of gloves
Will    .....                    (no boots)
Stlth   +++                      A - amulet of regeneration
HPRegen 1.16/turn                v - +5 ring of evasion
MPRegen 0.21/turn                z - ring of magical power

@: heroic
A: slimy green scales 2, powered by pain 1, spiny 1, demonic touch 2
a: Renounce Religion, Heroism, Finesse, Duel


You were on level 2 of the Lair of Beasts.
You worshipped Okawaru.
Okawaru was extremely pleased with you.
You visited 3 branches of the dungeon, and saw 15 of its levels.

You collected 1191 gold pieces.
You spent 24 gold pieces at shops.

Inventory:

Hand Weapons
 n - a +1 whip of venom
 r - a +1 dagger of flaming
 s - the +6 rapier "Pukkess" {heavy, rN+ MP+9 Int+4 Stlth+}
   (You took it off an orc on level 12 of the Dungeon)

   Int:       It affects your intelligence (+4).
   rN:        It protects you from negative energy.
   MP:        It affects your magic capacity (+9).
   Stlth:     It makes you more stealthy.
Missiles
 c - 7 throwing nets (quivered)
 m - 10 boomerangs
 K - 2 silver javelins
 N - a boomerang of dispersal
 Q - 4 curare-tipped darts
 R - 2 javelins
 X - 6 poisoned darts
Armour
 b - a +0 helmet (worn)
 g - a +0 ring mail (worn)
 h - a +1 pair of gloves (worn)
 L - a +0 cloak (worn)
 U - a +0 troll leather armour
 Z - a +2 buckler of protection
Magical Staves
 I - a staff of poison
Jewellery
 v - a +5 ring of evasion (left hand)
 z - a ring of magical power (right hand)
 A - an amulet of regeneration (around neck)
 S - a ring of magical power
Wands
 q - a wand of iceblast (32)
 H - a wand of flame (31)
 P - a wand of mindburst (3)
 T - a wand of light (4)
Scrolls
 a - 3 scrolls of teleportation
 e - 6 scrolls of identify
 f - 3 scrolls of fog
 i - a scroll of vulnerability {unknown}
 o - a scroll of fear {unknown}
 p - a scroll of silence {unknown}
 x - 3 scrolls of enchant armour
 y - 4 scrolls of enchant weapon
 B - a scroll of magic mapping {unknown}
 C - a scroll of acquirement {unknown}
 E - a scroll of summoning {unknown}
 J - a scroll of blinking
Potions
 d - 2 potions of heal wounds
 j - 4 potions of curing
 k - a potion of berserk rage {unknown}
 l - 3 potions of haste
 t - a potion of flight {unknown}
 w - a potion of might
 G - 2 potions of ambrosia
 M - a potion of mutation {unknown}
 V - a potion of cancellation {unknown}
Miscellaneous
 Y - a piece from Xom's chessboard (15/15)


   Skills:
 + Level 8.1(13.1) Fighting
 + Level 1.2(6.2) Short Blades
 * Level 5.7(10.7) Throwing
 + Level 8.0(13.0) Armour
 + Level 8.2(13.2) Dodging
 * Level 3.3(8.3) Stealth
 + Level 12.3(17.3) Unarmed Combat
 * Level 6.1 Poison Magic
 * Level 8.4 Invocations
 + Level 1.3 Evocations


You had 12 spell levels left.
You didn't know any spells.
Your spell library contained the following spells:

 Spells                   Type           Power      Damage    Failure   Level
 Poisonous Vapours        Pois/Air       12%        N/A       24%         2
 Cigotuvi's Dreadful Rot  Necr/Pois/Air  8%         N/A       36%         2
 Freeze                   Ice            0%         1d3       50%         1
 Kiss of Death            Conj/Necr      0%         2d5       50%         1
 Mephitic Cloud           Conj/Pois/Air  4%         N/A       58%         3
 Confusing Touch          Hex            0%         N/A       86%         3
 Frozen Ramparts          Ice            0%         1d1       86%         3
 Hailstorm                Conj/Ice       0%         3d3       86%         3
 Stone Arrow              Conj/Erth      0%         3d7       86%         3
 Anguish                  Hex/Necr       0%         N/A       99%         4
 Dispel Undead            Necr           0%         3d6       99%         4
 Passage of Golubria      Tloc           0%         N/A       99%         4
 Yara's Violent Unravell  Hex/Tmut       0%         3d3       100%        5
 Enfeeble                 Hex            0%         N/A       100%        7
 Lehudib's Crystal Spear  Conj/Erth      0%         10d2      100%        8
 Tukima's Dance           Hex            Unusable   N/A       N/A         3
 Animate Armour           Summ/Erth      Unusable   N/A       N/A         4

Dungeon Overview and Level Annotations

Branches:
Dungeon (12/15)            Temple (1/1) D:7            Lair (2/5) D:10
  Swamp (0/4) Lair:2       Spider (0/4) Lair:2          Orc (0/2) D:12

Altars:
Ashenzari
Dithmenos
Fedhas
Gozag
Hepliaklqana
Kikubaaqudgha
Makhleb
Nemelex Xobeh
Okawaru
Qazlal
Ru
Sif Muna
Trog
Vehumet
Xom
Yredelemnul

Shops:
D:2 :   D:9 =   D:10 *

Annotations:
D:7 1 runed translucent door
Lair:1 1 transporter


Innate Abilities, Weirdness & Mutations

You are mostly covered in slimy green scales. (AC +3)
You sometimes gain a little power by taking damage.
You are partially covered in sharp spines.
Your touch may inflict irresistible damage on your foes.


Message History

You hit the death yak but do no damage. Your touch misses the death yak.
The death yak is lightly wounded.
You punch the death yak!
You touch the death yak!
The death yak is moderately wounded.
The death yak gores you but does no damage.
You punch the death yak!
The death yak is heavily wounded.
The death yak is struck by your spines. The death yak gores you!
You punch the death yak!
You touch the death yak!
The death yak is almost dead.
The death yak closely misses you.
You hit the death yak but do no damage.
The death yak is almost dead.
You punch the death yak!
You kill the death yak!
Okawaru accepts your kill.
You punch the death yak! You punch the death yak.
The death yak is heavily wounded.
The death yak gores you!
* * * LOW HITPOINT WARNING * * *
You hit the death yak.
You touch the death yak!
The death yak is severely wounded.
The death yak gores you!!
* * * LOW HITPOINT WARNING * * *
Okay, then.
You feel better. The death yak barely misses you.
You gain the combat prowess of a mighty hero.
The death yak barely misses you.
You barely miss the death yak.
The death yak is severely wounded.
You punch the death yak! You punch the death yak.
The death yak is almost dead.
The death yak is struck by your spines.
You kill the death yak!
Okawaru accepts your kill.
You hit the death yak but do no damage.
You touch the death yak.
You punch the death yak.
The death yak is lightly wounded.
The death yak gores you!
You die...

##.........#.#.....
#.##.....###..~.>..
#####....##..~≈≈~~~
#.P......~≈≈≈~~
#...#..#~ ≈≈≈≈~
##...##~~ ≈≈≈≈≈
###..## . ≈≈≈≈≈
########P..## ~~~~~
#....Y@....# .....
#......####.##
....# ##..... ###
.P ####.. ### ~>♣~
♣♣~§~ .~~♣.. . ....


You could see a death yak.

Vanquished Creatures
  Erolcha (D:11)
  Harold (Lair:1)
  A hydra (D:10)
  A boulder beetle (D:12)
  2 centaur warriors
  3 death yaks (Lair:2)
  3 two-headed ogres
  A tengu warrior (D:10)
  5 skeletal warriors (D:12)
  Amaemon (Lair:2)
  2 ugly things (D:12)
  3 cyclopes
  3 elephants (Lair:1)
  A torpor snail (shapeshifter) (D:10)
  5 cane toads
  An orange demon (Lair:2)
  An unseen horror (D:11)
  4 komodo dragons
  5 trolls
  2 meliai
  2 hornets
  3 slime creatures (D:12)
  11 yaks
  Sigmund (D:3)
  A vampire (D:11)
  3 wyverns
  3 wraiths
  4 vampire mosquitoes (D:10)
  4 steam dragons
  Menkaure (D:7)
  2 water moccasins
  Duvessa (D:6)
  An ice beast (D:5)
  2 sky beasts
  5 orc warriors
  A black bear (D:4)
  3 ogres
  8 wolves
  13 centaurs
  A bullfrog (D:6)
  3 scorpions
  7 wights
  Dowan (D:6)
  12 killer bees
  5 howler monkeys
  2 electric eels (D:10)
  A jelly (D:5)
  5 orc priests
  Crazy Yiuf (D:7)
  6 hounds
  3 sleepcaps
  A human skeleton (D:7)
  3 iguanas
  12 orc wizards
  8 adders
  10 gnolls
  11 river rats (D:6)
  A shadow imp (D:5)
  A white imp (D:8)
  An ufetubus (D:4)
  2 worms
  68 orcs
  15 ball pythons
  6 endoplasms
  3 giant cockroaches
  6 hobgoblins
  4 jackals (D:3)
  8 quokkas
  2 bats
  3 frilled lizards
  8 goblins
  A jackal zombie (D:7)
  9 kobolds
  20 rats
  A butterfly (Lair:1)
366 creatures vanquished.

Vanquished Creatures (others)
  A gnoll (D:6)
  2 adders (D:6)
  8 plants
11 creatures vanquished.

Grand Total: 377 creatures vanquished

Notes
Turn   | Place    | Note
-------+----------+-------------------------------------------
     0 | D:1      | FlurksSlurper the Demonspawn Gladiator began the quest for
                  | the Orb.
     0 | D:1      | Reached XP level 1. HP: 16/16 MP: 1/1
   229 | D:1      | You fall into a shaft and drop 1 floor!
   329 | D:1      | Gained mutation: Your touch may inflict minor irresistible
                  | damage on your foes. [demonic ancestry]
   329 | D:1      | Reached XP level 2. HP: 21/21 MP: 2/2
   464 | D:1      | Found a faded altar of an unknown god.
   956 | D:2      | Reached skill level 3 in Unarmed Combat
  1152 | D:2      | Found Fawkie's Book Boutique.
  1365 | D:2      | Gained mutation: You are partially covered in slimy green
                  | scales. (AC +2) [demonic ancestry]
  1365 | D:2      | Reached XP level 3. HP: 24/27 MP: 3/3
  1973 | D:3      | Found a sparkling altar of Nemelex Xobeh.
  1976 | D:3      | Found a sacrificial altar of Ru.
  2083 | D:3      | Found a burning altar of Makhleb.
  2176 | D:3      | Reached XP level 4. HP: 33/33 MP: 4/4
  2325 | D:3      | Reached skill level 1 in Armour
  2469 | D:3      | Noticed Sigmund
  2489 | D:3      | Killed Sigmund
  2490 | D:3      | Reached skill level 4 in Unarmed Combat
  2490 | D:3      | Reached XP level 5. HP: 33/38 MP: 5/5
  2753 | D:4      | Noticed a black bear
  2768 | D:4      | Killed a black bear
  2769 | D:4      | Reached XP level 6. HP: 9/45 MP: 6/6
  3036 | D:4      | Reached skill level 5 in Unarmed Combat
  3569 | D:5      | Entered Level 5 of the Dungeon
  3591 | D:5      | Noticed an ice beast
  3622 | D:5      | Reached XP level 7. HP: 41/51 MP: 7/7
  3673 | D:5      | Reached skill level 6 in Unarmed Combat
  3929 | D:5      | Gained mutation: You are partially covered in sharp spines.
                  | [demonic ancestry]
  3929 | D:5      | Reached XP level 8. HP: 55/59 MP: 8/8
  4242 | D:6      | Reached skill level 1 in Stealth
  4247 | D:6      | Noticed Duvessa
  4388 | D:6      | Found a shimmering altar of Xom.
  4447 | D:6      | Reached skill level 7 in Unarmed Combat
  4470 | D:6      | Noticed a hornet
  4477 | D:6      | Killed a hornet
  4478 | D:6      | Reached skill level 5 in Dodging
  4749 | D:6      | Found a bloodstained altar of Trog.
  4811 | D:6      | Reached skill level 5 in Fighting
  4811 | D:6      | Reached XP level 9. HP: 65/68 MP: 9/9
  4844 | D:6      | Noticed Dowan
  4857 | D:6      | Killed Duvessa
  4858 | D:6      | Reached skill level 8 in Unarmed Combat
  4869 | D:6      | Killed Dowan
  5347 | D:7      | Noticed Menkaure
  5352 | D:7      | Killed Menkaure
  5372 | D:7      | Found a staircase to the Ecumenical Temple.
  5405 | Temple   | Entered the Ecumenical Temple
  5445 | Temple   | Became a worshipper of Warmaster Okawaru
  5693 | D:7      | Found a runed translucent door.
  5700 | D:7      | Found a basalt altar of Yredelemnul.
  5723 | D:7      | Reached skill level 5 in Armour
  5843 | D:7      | Found an ancient bone altar of Kikubaaqudgha.
  5947 | D:7      | Found a runed translucent door.
  5948 | D:7      | Noticed Crazy Yiuf
  6091 | D:7      | Killed Crazy Yiuf
  6175 | D:8      | Reached * piety under Okawaru
  6807 | D:8      | Reached skill level 9 in Unarmed Combat
  6821 | D:8      | Noticed a centaur warrior
  6832 | D:8      | Killed a centaur warrior
  6833 | D:8      | Gained mutation: Your touch may inflict irresistible damage
                  | on your foes. [demonic ancestry]
  6833 | D:8      | Reached XP level 10. HP: 66/76 MP: 10/10
  6865 | D:8      | Reached ** piety under Okawaru
  7271 | D:9      | Reached skill level 1 in Invocations
  7295 | D:9      | Reached *** piety under Okawaru
  7296 | D:9      | Reached skill level 1 in Poison Magic
  7304 | D:9      | Reached skill level 10 in Unarmed Combat
  7502 | D:9      | Found Aholac's Jewellery Emporium.
  7540 | D:10     | Entered Level 10 of the Dungeon
  7574 | D:10     | Reached **** piety under Okawaru
  7574 | D:10     | Received a gift from Okawaru
  7582 | D:10     | Reached XP level 11. HP: 35/84 MP: 13/13
  7699 | D:10     | Found a staircase to the Lair.
  7962 | D:10     | Found Koahar's Assorted Antiques.
  7965 | D:10     | Bought a scroll labelled XAPTOFFIOL for 24 gold pieces
  7996 | D:10     | Found a radiant altar of Vehumet.
  8201 | D:10     | Noticed a centaur warrior
  8213 | D:10     | Killed a centaur warrior
  8236 | D:10     | Received a gift from Okawaru
  8327 | D:10     | Noticed a six-headed hydra
  8361 | D:10     | Killed a six-headed hydra
  8632 | D:10     | Noticed a tengu warrior
  8650 | D:10     | Killed a tengu warrior
  8651 | D:10     | Reached skill level 5 in Invocations
  8761 | D:10     | Noticed an orb spider
  8765 | D:10     | Noticed a two-headed ogre
  8771 | D:10     | an orb spider changed into a torpor snail
  8782 | D:10     | HP: 3/84 [two-headed ogre/+0 dire flail (5)]
  8783 | D:10     | Killed a two-headed ogre
  8783 | D:10     | Reached ***** piety under Okawaru
  8784 | D:10     | Reached skill level 11 in Unarmed Combat
  8784 | D:10     | Reached skill level 1 in Evocations
  8925 | D:11     | Noticed a two-headed ogre
  8935 | D:11     | Killed a two-headed ogre
  8936 | D:11     | Reached skill level 1 in Short Blades
  9052 | D:11     | Noticed a two-headed ogre
  9072 | D:11     | Killed a two-headed ogre
  9243 | D:11     | Received a gift from Okawaru
  9269 | D:11     | Noticed Erolcha
  9280 | D:11     | Killed Erolcha
  9281 | D:11     | Gained mutation: You sometimes gain a little power by
                  | taking damage. [demonic ancestry]
  9281 | D:11     | Reached XP level 12. HP: 92/92 MP: 16/16
  9509 | D:12     | Noticed a boulder beetle
  9551 | D:12     | Killed a boulder beetle
  9735 | D:12     | Received a gift from Okawaru
  9746 | D:12     | HP: 2/92 [skeletal warrior/+0 trident (13)]
  9784 | D:12     | Received a gift from Okawaru
  9785 | D:12     | Reached skill level 5 in Poison Magic
  9849 | D:12     | Identified the +6 rapier "Pukkess" {heavy, rN+ MP+9 Int+4
                  | Stlth+}
  9993 | D:12     | Identified the +2 robe of Whack-A-Mole {Will+ Int+2}
 10171 | D:12     | Found a staircase to the Orcish Mines.
 10488 | D:12     | Reached skill level 5 in Throwing
 10665 | Lair:1   | Entered Level 1 of the Lair of Beasts
 10757 | Lair:1   | Received a gift from Okawaru
 10768 | Lair:1   | Reached skill level 12 in Unarmed Combat
 10896 | Lair:1   | Found a transporter.
 10901 | Lair:1   | Noticed Harold
 10920 | Lair:1   | Killed Harold
 11495 | Lair:2   | Found a staircase to the Swamp.
 11709 | Lair:2   | Found a hole to the Spider Nest.
 11805 | Lair:2   | Noticed Amaemon
 11819 | Lair:2   | Killed Amaemon
 11820 | Lair:2   | Gained mutation: You are mostly covered in slimy green
                  | scales. (AC +3) [demonic ancestry]
 11820 | Lair:2   | Reached XP level 13. HP: 91/98 MP: 19/19
 11905 | Lair:2   | Identified the +0 pair of gloves of Fun and Games {rPois
                  | rN++ Slay-6} (Okawaru gifted it to you on level 2 of the
                  | Lair of Beasts)
 11905 | Lair:2   | Received a gift from Okawaru
 11917 | Lair:2   | Reached ****** piety under Okawaru
 11935 | Lair:2   | Slain by a death yak

Illustrated notes

Levels and vault maps discovered:
D:1:      dpeg_arrival_short_road, layout_basic,
          nicolae_ecumenical_snake_handling, serial_bayou_lagoon_a
D:2:      layout_loops_corners, serial_shops, nicolae_diamond_shop,
          dk_noncrumbling_4
D:3:      layout_basic, grunt_temple_overflow_open, nrook_mini_vaults,
          kennysheep_donut, uniq_sigmund
D:4:      layout_basic, minmay_between
D:5:      layout_rooms
D:6:      lemuel_ratsnest, layout_basic, amcnicky_altar_gilded,
          nicolae_overflow_crystal_walls, tso_altar, kb_rosetta, uniq_duvessa
D:7:      layout_cave_pools, dk_yredelemnul_ordeal, lemuel_round_altar,
          minmay_temple_entry_ruins, uniq_menkaure, uniq_crazy_yiuf_cottage
D:8:      wad_cavern_with_rooms, layout_basic, serial_aquarium,
          aquarium_bridge_long_joined [aquarium_subvault_window,
          aquarium_subvault_wall, aquarium_subvault_bridge,
          aquarium_subvault_window, aquarium_subvault_window,
          aquarium_subvault_bridge], aquarium_window_corner,
          aquarium_window_fake, aquarium_window_1, aquarium_view_2c,
          aquarium_view_2a, special_room [special_room_orc], amethyst_killhole,
          nrook_loot_triangle, dk_noncrumbling_3, minmay_tree_intersection,
          hangedman_abyss_or_decor_stagger
D:9:      layout_rooms, serial_shops, shop
D:10:     layout_gridville, lemuel_doored_altar, erik_lair_island, serial_shops,
          kennysheep_mini, minmay_misc_feat_plants, corexii_checkpoint_b,
          minmay_shattered_shrine
D:11:     layout_rooms, kennysheep_decorative_pillar, uniq_erolcha
D:12:     layout_long_grid, david_orc_3
Temple:   compressed_dpeg_triangle_lava_temple
Lair:1:   gammafunk_cloud_chamber, layout_regular_city, lemuel_fruit_fields,
          uniq_harold
Lair:2:   layout_loops_ring, skrybe_swamp_entry_bodies,
          hellmonk_spider_entry_not_the_bees, infiniplex_staircase_pool,
          uniq_amaemon

Skill      XL: |  1  2  3  4  5  6  7  8  9 10 11 12 13 |
---------------+----------------------------------------+-----
Throwing       | 2 4 5 |  5.7
Dodging        | 3 4 5 6 7 8 |  8.2
Unarmed Combat | 3 4 5 6 7 9 10 11 12 | 12.3
Armour         | 2 3 4 6 7 8 |  8.0
Fighting       | 3 5 6 7 8 |  8.1
Stealth        | 1 2 3 |  3.3
Invocations    | 3 6 8 |  8.4
Poison Magic   | 2 4 5 6 |  6.1
Evocations     | 1 |  1.3
Short Blades   | 1 |  1.2

Action                     |  1- 3 |  4- 6 |  7- 9 | 10-12 | 13-15 || total
---------------------------+-------+-------+-------+-------+-------++-------
  Melee: Unarmed           |    97 |   143 |   307 |   528 |    36 ||  1111
         Punch             |     1 |     4 |    21 |    45 |     5 ||    76
         Touch             |    17 |    29 |    67 |   128 |    12 ||   253
         Dagger            |       |       |       |     9 |       ||     9
  Throw: Throwing net      |       |       |     1 |       |       ||     1
         Dart              |       |       |       |    13 |       ||    13
         Javelin           |       |       |       |     9 |       ||     9
         Boomerang         |       |       |       |     8 |       ||     8
 Invoke: Heroism           |       |       |       |     2 |     1 ||     3
  Evoke: Wand              |       |       |     6 |     5 |       ||    11
    Use: Potion            |       |     2 |     5 |     3 |     1 ||    11
         Scroll            |       |     1 |     1 |    12 |       ||    14
   Stab: Sleeping          |       |       |       |     2 |       ||     2
 Armour: Ring mail         |    54 |    63 |    99 |   151 |     4 ||   371
         Leather armour    |     2 |       |       |       |       ||     2
         Skin              |       |       |    16 |       |       ||    16
  Dodge: Dodged            |    77 |   160 |   243 |   559 |    19 ||  1058

Table legend: (Time is in decaauts)
 A = Elapsed time spent in this place.
 B = Non-inter-level travel time spent in this place.
 C = Inter-level travel time spent in this place.
 D = Time resting spent in this place.
 E = Time spent auto-exploring this place.
 F = Levels seen in this place.
 G = Mean time per level.
                   A        B        C        D        E       F      G
               +--------+--------+--------+--------+--------+-----+--------+
         Total |  11754 |  11346 |    408 |    727 |   7488 |  15 |  783.6 |
       Dungeon |  10463 |  10070 |    393 |    727 |   6597 |  12 |  871.9 |
        Temple |     56 |     56 |      0 |      0 |     14 |   1 |   56.0 |
          Lair |   1234 |   1219 |     15 |      0 |    877 |   2 |  617.0 |
               +--------+--------+--------+--------+--------+-----+--------+

Top non-repeatable levels by time:
    D:10: 1391 daAuts
    D:12: 1097 daAuts
     D:2: 1051 daAuts
     D:8: 995 daAuts
     D:4: 960 daAuts
     D:1: 897 daAuts
     D:5: 883 daAuts
     D:6: 846 daAuts
  Lair:1: 811 daAuts
     D:7: 733 daAuts
     D:3: 650 daAuts
    D:11: 576 daAuts
  Lair:2: 422 daAuts
     D:9: 379 daAuts
  Temple: 56 daAuts
